 Dungeon Crawl Stone Soup version 0.25.0-10-g039870ee82 (webtiles) character file.

Game seed: 11254765612521951470

(classic levelgen) 415 EnegeticOcto the Skirmisher (level 6, -4/56 HPs)
             Began as a Ghoul Fighter on June 23, 2020.
             Was an Initiate of Okawaru.
             Slain by an ogre
             ... wielding a +0 giant club
              (6 damage)
             ... on level 4 of the Dungeon.
             The game lasted 00:02:17 (3618 turns).

EnegeticOcto the Skirmisher (Ghoul Fighter)         Turns: 3618, Time: 00:02:18

Health: -4/56      AC: 12    Str: 22    XL:     6   Next: 91%
Magic:  5/5        EV:  4    Int:  3    God:    Okawaru [......]
Gold:   165        SH:  9    Dex:  8    Spells: 5/5 levels left

rFire    . . .     SeeInvis .     - Unarmed
rCold    + . .     Gourm    .   b - +0 kite shield
rNeg     + + +     Faith    +   n - +0 plate armour
rPois    ∞         Spirit   .   (no helmet)
rElec    .         Reflect  .   q - +0 cloak
rCorr    .         Harm     .   (no gloves)
MR       .....                  (no boots)
Stlth    ..........             v - amulet of faith
HPRegen  0.00/turn              (no ring)
MPRegen  0.09/turn              (no ring)

@: rotting
A: rotting body, claws 1, carnivore, cold resistance 1, negative energy
resistance 3, inhibited regeneration, torment resistance, unbreathing
a: Renounce Religion


You were on level 4 of the Dungeon.
You worshipped Okawaru.
Okawaru was noncommittal.
You were not hungry.

You visited 1 branch of the dungeon, and saw 4 of its levels.

You collected 165 gold pieces.

Inventory:

Armour
 b - a +0 kite shield (worn)
 n - a +0 plate armour (worn)
 q - a +0 cloak (worn)
 t - a scarf of invisibility
Jewellery
 o - an uncursed amulet of the acrobat {unknown}
 r - a +4 ring of protection
 v - an amulet of faith (around neck)
Scrolls
 a - 5 scrolls of identify {unknown}
 d - a scroll of fear {unknown}
 g - a scroll of fog {unknown}
 h - 2 scrolls of random uselessness {unknown}
 j - a scroll of noise {unknown}
 k - 4 scrolls of remove curse {unknown}
 l - 2 scrolls of teleportation {unknown}
 s - 2 scrolls of immolation {unknown}
 w - a scroll of magic mapping {unknown}
Potions
 c - a potion of might {@q3 !q}
 i - a potion of curing {unknown}
 m - a potion of brilliance {unknown}
 p - 2 potions of heal wounds {unknown}
 u - a potion of mutation {unknown}
Comestibles
 e - 8 rations


   Skills:
 * Level 5.3 Fighting
 + Level 0.8 Throwing
 + Level 3.5 Armour
 + Level 3.6 Shields
 * Level 4.7 Unarmed Combat
 + Level 1.1 Invocations


You had 5 spell levels left.
You didn't know any spells.
Your spell library was empty.

Dungeon Overview and Level Annotations

Branches:
Dungeon (4/15)
 Temple: D:4-7

Altars:
Dithmenos
Kikubaaqudgha
Okawaru
Sif Muna


Innate Abilities, Weirdness & Mutations

Your body is rotting away.
You thrive on raw meat.
You are immune to poison.
You have sharp fingernails.
You are carnivorous and can eat meat at any time.
Your flesh is cold resistant. (rC+)
You are immune to negative energy. (rN+++)
You do not regenerate when monsters are visible.
You are immune to unholy pain and torment.
You can survive without breathing.


Message History

You claw the gnoll!
You kill the gnoll!
Okawaru accepts your kill. You block the gnoll's attack.
Items here: ))) † a +0 club; a +0 flail; a +2 halberd of protection; a gnoll corpse You scratch the gnoll.
The gnoll is moderately wounded.
The gnoll hits you but does no damage.
Your plate armour prevents you from hitting the gnoll.
The gnoll is lightly wounded.
The gnoll hits you but does no damage.
You scratch the gnoll.
The gnoll is heavily wounded.
The gnoll hits you but does no damage.
You scratch the gnoll but do no damage.
The gnoll is heavily wounded.
The gnoll hits you but does no damage.
Your plate armour prevents you from hitting the gnoll.
The gnoll is heavily wounded.
The gnoll completely misses you.
You scratch the gnoll.
The gnoll is severely wounded.
The gnoll hits you but does no damage.
You claw the gnoll!
You kill the gnoll!
Okawaru accepts your kill.
Things that are here:
a +0 spear; a gnoll corpse All of the chunks of flesh in your inventory have rotted away.
You butcher the gnoll corpse.
f - a chunk of flesh
Things that are here:
a +0 spear; a gnoll skeleton
Things that are here:
a +0 spear; a gnoll skeleton You butcher the gnoll corpse.
f - 3 chunks of flesh (gained 2)
Items here: ))) ÷ a +0 club; a +0 flail; a +2 halberd of protection; a gnoll skeleton
Items here: ))) ÷ a +0 club; a +0 flail; a +2 halberd of protection; a gnoll skeleton
Things that are here:
a +0 spear; a gnoll skeleton
Found a mace.
e - 9 rations (gained 1)
Found a stone staircase leading up.
s - 2 scrolls labeled QONOYK VEFYLE (gained 1)
You feel your flesh rotting away.
Eating one of 3 chunks of flesh.
You eat one of the 3 chunks of flesh.
You feel more resilient.
This raw flesh tastes great!
Some of the chunks of flesh in your inventory have rotted away.
An ogre comes into view. It is wielding a +0 giant club.
The ogre shouts!
An ogre is nearby!
The ogre hits you with a +0 giant club!!
You are too injured to fight recklessly!
You are too injured to fight recklessly!
You are too injured to fight recklessly!
You are too injured to fight recklessly!
You are too injured to fight recklessly!
You are too injured to fight recklessly!
You are too injured to fight recklessly!
You are too injured to fight recklessly!
You are too injured to fight recklessly!
You are too injured to fight recklessly!
You are too injured to fight recklessly!
An ogre is nearby!
Eat a chunk of flesh? (ye/n/q)
You eat the chunk of flesh.
This raw flesh tastes great!
The ogre hits you with a +0 giant club!
You eat one of the 9 rations.
That ration really hit the spot!
Okay, then.
You scratch the ogre.
The ogre is lightly wounded.
You block the ogre's attack.
Your plate armour prevents you from hitting the ogre.
The ogre is lightly wounded.
The ogre barely misses you.
You claw the ogre!
The ogre is heavily wounded.
You block the ogre's attack.
You scratch the ogre.
The ogre is severely wounded.
Your shield and plate armour prevent you from hitting the ogre.
The ogre is severely wounded.
The ogre hits you with a +0 giant club!!
* * * LOW HITPOINT WARNING * * *
You closely miss the ogre.
The ogre is severely wounded.
The ogre hits you but does no damage.
You scratch the ogre but do no damage.
The ogre is severely wounded.
The ogre hits you with a +0 giant club.
* * * LOW HITPOINT WARNING * * *
Okay, then.
You scratch the ogre.
The ogre is almost dead.
The ogre hits you with a +0 giant club.
You die...

#.........#
####.........#
#............# ####
#.#..........# #.....#.
..#..........# #.......
###..........###.#
.##..... #
#.########.....#
....... # #.#
#.########### ##....##
# #.# #....@O......
#..<.... # #.#
###################...
# #.#
#................... #
#.#
#.################## #
#.##########.#
#..)............ #
#............#
#.##.....####### #
##############
#.##.###.# # #.##.# #.#
##################.##.#
#.#


You could see an ogre.

Vanquished Creatures
  A crimson imp (D:3)
  Crazy Yiuf (D:3)
  2 bullfrog skeletons
  Jessica (D:3)
  2 orc wizards
  A worker ant (D:4)
  Robin (D:3)
  4 gnolls (D:4)
  4 adders
  4 worms
  A dart slug (D:2)
  2 leopard geckos
  10 orcs
  3 bats
  2 bat zombies (D:2)
  4 giant cockroaches
  16 goblins
  13 hobgoblins
  6 kobolds
  5 frilled lizards
  6 rats
  2 rat zombies (D:2)
91 creatures vanquished.

Notes
Turn   | Place    | Note
-------+----------+-------------------------------------------
     0 | D:1      | EnegeticOcto the Ghoul Fighter began the quest for the Orb.
     0 | D:1      | Reached XP level 1. HP: 19/19 MP: 0/0
   214 | D:1      | Reached XP level 2. HP: 22/26 MP: 1/1
   723 | D:1      | Reached XP level 3. HP: 31/33 MP: 2/2
  1089 | D:2      | Reached skill level 3 in Unarmed Combat
  1159 | D:2      | Found a shadowy altar of Dithmenos.
  1178 | D:2      | Found a shimmering blue altar of Sif Muna.
  1236 | D:2      | Reached skill level 3 in Armour
  1411 | D:2      | Reached skill level 4 in Fighting
  1411 | D:2      | Reached skill level 3 in Shields
  1500 | D:2      | Reached XP level 4. HP: 40/40 MP: 3/3
  1651 | D:2      | Found an ancient bone altar of Kikubaaqudgha.
  1727 | D:3      | Found a runed translucent door.
  1728 | D:3      | Noticed Crazy Yiuf
  1748 | D:3      | Killed Crazy Yiuf
  1933 | D:3      | Reached XP level 5. HP: 46/47 MP: 4/4
  2012 | D:3      | Noticed Jessica
  2023 | D:3      | Killed Jessica
  2080 | D:3      | Reached skill level 4 in Unarmed Combat
  2121 | D:3      | Found an iron altar of Okawaru.
  2128 | D:3      | Became a worshipper of Warmaster Okawaru
  2209 | D:3      | Noticed Robin
  2223 | D:3      | Reached XP level 6. HP: 49/55 MP: 5/5
  2261 | D:3      | Killed Robin
  2562 | D:3      | Reached skill level 5 in Fighting
  3206 | D:4      | Reached skill level 1 in Invocations
  3617 | D:4      | HP: 2/56 [ogre/+0 giant club (4)]
  3618 | D:4      | Slain by an ogre

Illustrated notes

Levels and vault maps discovered:
D:1:      dpeg_arrival_arbitrary_a, layout_loops_ring, st_stairs_10,
          minmay_statues_item, minmay_pentomino_z2
D:2:      layout_rooms, lemuel_zombie_altar_kikubaaqudgha,
          grunt_dithmenos_smoke_and_mirrors, lemuel_blue_sif_altar,
          minmay_misc_feat_chi
D:3:      layout_loops_ring, okawaru_trees_1, uniq_crazy_yiuf_cottage,
          uniq_jessica, uniq_robin
D:4:      layout_basic, minmay_temple_entry_gardened_gates

Skill      XL: |  1  2  3  4  5  6 |
---------------+-------------------+-----
Unarmed Combat | 3 4 |  4.7
Armour         | 3 |  3.5
Fighting       | 4 5 |  5.3
Shields        | 3 |  3.6
Invocations    | 1 |  1.1
Throwing       | |  0.8

Action                   |  1- 3 |  4- 6 || total
-------------------------+-------+-------++-------
Melee: Unarmed           |   130 |   266 ||   396
  Eat: Chunk             |     1 |    15 ||    16
       Ration            |       |     1 ||     1
Armor: Scale mail        |    33 |       ||    33
       Chain mail        |     9 |       ||     9
       Plate armour      |     4 |   121 ||   125
Dodge: Dodged            |    26 |    44 ||    70
Block: Kite shield       |    42 |    98 ||   140
